[Event "*** Titled Tuesday Blitz"]
[Site "Chess.com"]
[Date "2021.04.20"]
[Round "6"]
[White "amintabatabaei"]
[Black "AlexTriapishko"]
[Result "1-0"]
[WhiteElo "2998"]
[BlackElo "2898"]
[TimeControl "180+1"]
[EndTime "11:06:47 PDT"]
[Termination "amintabatabaei won on time"]

1. e4 e5 2. Nc3 Nc6 3. Bc4 Nf6 4. d3 Na5 5. Bb3 Bc5 6. f4 Nxb3 7. axb3 d6 8. f5 d5 9. Qf3 Bb4 10. Bd2 Bxc3 11. Bxc3 dxe4 12. dxe4 O-O 13. Ne2 b6 14. Bxe5 Bb7 15. Bxf6 Qxf6 16. O-O-O Rfe8 17. Nc3 Qe5 18. Rd7 Bc6 19. Rd3 Bxe4 20. Nxe4 Qxe4 21. Qxe4 Rxe4 22.
Rhd1 Kf8 23. Rd7 Re7 24. b4 Ke8 25. R7d5 f6 26. b3 Kf7 27. Kb2 g6 28. g4 gxf5 29. Rxf5 Kg6 30. h4 h6 31. Rd4 Rae8 32. Rdf4 Re6 33. b5 R8e7 34. Rc4 Rd6 35. Rf3 Red7 36. h5+ Kg7 37. Rfc3 Kf7 38. Rxc7 Ke6 39. Rc8 Ke5 40. Rh8 Kf4 41. Rc4+ Rd4 42. Rxd4+ Rxd4 43. Rxh6 Ke5 44. Rg6 Rd7 45. g5 fxg5 46. Rxg5+ Kf6 47. Rg1 Rd5 48. h6 Rh5 49. Ra1 Rxh6 50. Rxa7 Ke5 51. Rc7 Kd5 52. Ka3 Kd4 53. Kb4 Rh2 54. c3+ Kd5 55.
c4+ Kd4 56. Rc6 1-0

[Event "*** Titled Tuesday Blitz"]
[Site "Chess.com"]
[Date "2021.04.20"]
[Round "6"]
[White "PavelChernomordik"]
[Black "Cambek64"]
[Result "1-0"]
[WhiteElo "2389"]
[BlackElo "2468"]
[TimeControl "180+1"]
[EndTime "11:06:48 PDT"]
[Termination "PavelChernomordik won on time"]

1. e4 e6 2. Nc3 d5 3. d4 Nc6 4. e5 Nge7 5. f4 Nf5 6. Nf3 b6 7. g3 Bb7 8. Ne2 Ba6 9. c3 Qd7 10. g4 Nfe7 11. Ng3 Bxf1 12. Kxf1 O-O-O 13. Qd3 Kb7 14. b4 f6 15. a4 a6 16. Kg2 fxe5 17. fxe5 Ra8 18. Bd2 h6 19. Nh5 a5 20. Rhb1 Qe8 21.
Nf4 Qf7 22. b5 Na7 23. c4 dxc4 24. Qxc4 Nd5 25. Nxd5 exd5 26. Qe2 Qe6 27. h3 Be7 28. Rc1 Rhf8 29. Rc2 Rae8 30. Rac1 Bd8 31. Ne1 Rf7 32. Nd3 Ref8 33. Bxa5 Qg6 34. Bb4 h5 35. Bxf8 Rxf8 36. a5 hxg4 37. hxg4 Bg5 38. Rf1 Rh8 39. Qf3 Kb8 40.
Rh1 Rd8 41. axb6 Qxb6 42. Nc5 Nxb5 43. Rh8 Nxd4 44. Rxd8+ Bxd8 45. Nd7+ Kb7 46. Qxd5+ c6 47. Nxb6 cxd5 48. Nxd5 Ne6 49. Rd2 Kc6 50. Kf3 Bg5 51. Rd3 Nc5 52. Rd1 Ne6 53. Ke4 g6 54. Nf6 Nc5+ 55.
Kf3 Ne6 56. Rd6+ 1-0

[Event "*** Titled Tuesday Blitz"]
[Site "Chess.com"]
[Date "2021.04.20"]
[Round "6"]
[White "Michaelson_11"]
[Black "lamomiablanca"]
[Result "0-1"]
[WhiteElo "2218"]
[BlackElo "2410"]
[TimeControl "180+1"]
[EndTime "11:06:48 PDT"]
[Termination "lamomiablanca won on time"]

1. e4 c5 2. Nf3 Nc6 3. d4 cxd4 4. Nxd4 g6 5. c4 Nf6 6. Nc3 d6 7. f3 Nxd4 8. Qxd4 Bg7 9. Be3 O-O 10. Qd2 a5 11. Na4 Nd7 12. Rc1 b6 13. b3 Bb7 14.
Bd3 Nc5 15. Nc3 Bc6 16. O-O e6 17. Rfd1 Qe7 18. Bb1 Rfd8 19. Bg5 Bf6 20. Bxf6 Qxf6 21.
Qd4 Qe7 22. Rd2 e5 23. Qe3 Rab8 24. Rcd1 Ne6 25. Ne2 b5 26. cxb5 Bxb5 27. Bd3 Bxd3 28. Rxd3 Nc5 29. Rd5 a4 30. bxa4 Nxa4 31. Nc3 Nxc3 32.
Qxc3 Qa7+ 33. Kh1 Qxa2 34. Qd3 Rb3 35. Qc4 Qa3 36. Qc7 Rbb8 37. h3 Qa6 38. Qe7 Re8 39.
Qxd6 Qa4 40. Qc5 Qa6 41. Qd6 Qxd6 42. Rxd6 Kg7 43. Rd7 Rb2 44. R1d2 Rb1+ 45. Kh2 Reb8 46. Rc2 R8b2 47. Rxb2 Rxb2 48. Re7 Kf6 49. Rc7 h5 50. Rc6+ Ke7 51. Rc5 Kd6 52. Rd5+ Ke6 53. h4 f6 54. Rc5 g5 55. hxg5 fxg5 56. Kh3 Rb1 57. Ra5 Rh1+ 58. Kg3 Rg1 0-1

[Event "*** Titled Tuesday Blitz"]
[Site "Chess.com"]
[Date "2021.04.20"]
[Round "6"]
[White "ajedrez1101"]
[Black "kreonx"]
[Result "1-0"]
[WhiteElo "2160"]
[BlackElo "2286"]
[TimeControl "180+1"]
[EndTime "11:06:48 PDT"]
[Termination "ajedrez1101 won on time"]

1. b3 e5 2. Bb2 Nc6 3. e3 g6 4. Bb5 Bg7 5. Nf3 d6 6. d4 e4 7.
Nfd2 f5 8. c4 a6 9. Bxc6+ bxc6 10.
Qc2 Nf6 11. Nc3 O-O 12. O-O-O Be6 13. Kb1 Qe7 14. f3 exf3 15. gxf3 Rae8 16. Rde1 d5 17. c5 Qd7 18. f4 Ne4 19. Nf3 Kh8 20. h4 Bf6 21.
Reg1 Rg8 22. Ng5 h5 23. Rg2 Bxg5 24. hxg5 Bf7 25. Qe2 Qc8 26. Na4 Kg7 27. Rh3 Re7 28.
Bc1 Rge8 29. Qd3 Be6 30. Rgh2 Qb7 31. Ka1 Bc8 32. Rh1 Qb5 33. Qxb5 axb5 34. Nb2 Ba6 35. R1h2 b4 36. Rf3 Bb5 37. Kb1 Ra8 38. Bd2 Ree8 39.
Be1 Nc3+ 40. Bxc3 bxc3 41. Nd1 Bd3+ 42. Kc1 c2 43. Nf2 Be4 44. Nxe4 dxe4 45. Rg3 Rxa2 46. Rxc2 Rea8 47. Kd2 Rxc2+ 48. Kxc2 Ra2+ 49. Kc3 Re2 50. Rh3 Kf7 51. b4 Ke6 52. Kc4 Rd2 53. b5 Rd3 54. bxc6 Ke7 55. Kb5 Rd1 56. Ka6 Ke6 57. Kb7 Rd3 58.
Kxc7 Rd1 59. Kc8 1-0

[Event "*** Titled Tuesday Blitz"]
[Site "Chess.com"]
[Date "2021.04.20"]
[Round "6"]
[White "MerryPoppies"]
[Black "rachidhuilda"]
[Result "0-1"]
[WhiteElo "2124"]
[BlackElo "2286"]
[TimeControl "180+1"]
[EndTime "11:06:48 PDT"]
[Termination "rachidhuilda won by checkmate"]

1. d4 Nf6 2. c4 c5 3. Nf3 cxd4 4. Nxd4 e5 5. Nf3 Nc6 6. Nc3 Bc5 7. e3 O-O 8. a3 e4 9. Nd4 a5 10. Ncb5 d6 11. b3 Bg4 12. Be2 Ne5 13. O-O Qe7 14.
Bb2 Bxe2 15. Qxe2 g6 16. Rad1 Nd3 17. Ba1 h5 18. f4 Ng4 19. f5 Qg5 20. Nc7 Rac8 21.
Nd5 Nde5 22. h3 Nf6 23. Ne7+ Kh7 24. Nxc8 Rxc8 25. Nc2 h4 26. Bxe5 dxe5 27. Rfe1 Nh5 28. fxg6+ fxg6 29. Qg4 Qxg4 30. hxg4 Ng3 31. Rd7+ Kh6 32.
Kh2 Kg5 33. Red1 Bxe3 34. Nxe3 Rf8 35. Rxb7 Rf2 36. Rb5 Re2 37. Rxe5+ Kf6 38. Red5 Rxe3 39. Rd6+ Kg7 40. Rd7+ Kh6 41. R1d6 Kg5 42. Rd8 Re2 43. Rd5+ Kf4 44. Rf8+ Ke3 45. Rd2 Nf1+ 46. Kg1 Nxd2 47. Re8 Nxb3 48. Re6 Nd4 49. Rxg6 Re1+ 50. Kh2 Rc1 51.
Rd6 Rxc4 52. g5 Nf5 53. Rd8 Ng3 54. g6 Rc1 55. Kh3 Kf4 56. Rf8+ Kg5 57. Rf5+ Nxf5 58.
g7 Rh1# 0-1

[Event "*** Titled Tuesday Blitz"]
[Site "Chess.com"]
[Date "2021.04.20"]
[Round "6"]
[White "Joseacorrea"]
[Black "BvsN"]
[Result "0-1"]
[WhiteElo "2070"]
[BlackElo "2368"]
[TimeControl "180+1"]
[EndTime "11:06:49 PDT"]
[Termination "BvsN won by checkmate"]

1. d4 d5 2. e3 Nf6 3. Bd3 Nc6 4.
f4 Bg4 5. Nf3 e6 6. c3 Bd6 7.
O-O O-O 8. Nbd2 Ne7 9. Qe1 c5 10.
Ne5 Bf5 11. Bxf5 exf5 12. Rf3 Ne4 13. Rh3 f6 14. Nef3 Ng6 15. Nh4 Qd7 16. Ndf3 Kf7 17. Bd2 Rae8 18. Nxg6 hxg6 19. Rd1 Rh8 20. Rxh8 Rxh8 21.
Qe2 Qe7 22. Be1 c4 23. Bh4 g5 24. fxg5 fxg5 25. Bf2 g4 26. Nh4 Rxh4 27. Bxh4 Qxh4 28. g3 Qh3 29. Rf1 g6 30. Qg2 Qxg2+ 31. Kxg2 Ng5 32. b3 Ne4 33. bxc4 dxc4 34. Rc1 Bc7 35. Rb1 b6 36. Rb4 Nd6 37. h3 a5 38. Rb1 gxh3+ 39. Kxh3 Ne4 40. g4 Nf2+ 41. Kg2 Nxg4 42. Kf3 Nf6 43. Rd1 Ke6 44. a4 Ne4 45. d5+ Kd6 46. Rd4 Nxc3 47. Rxc4 Nxd5 48. Rd4 Kc5 49.
Rh4 Nc3 50. Rh7 Be5 51. Re7 Kd6 52. Rf7 Nxa4 53. Rb7 Kc6 54. Ra7 Nc5 55. Rh7 a4 56.
e4 fxe4+ 57. Ke3 a3 58. Rh6 a2 59. Rxg6+ Kb5 60. Rg1 a1=Q 61. Rxa1 Bxa1 62. Ke2 Kc4 63. Kd1 Kd3 64. Kc1 e3 65. Kb1 e2 66. Ka2 e1=Q 67.
Ka3 Qa5# 0-1

[Event "*** Titled Tuesday Blitz"]
[Site "Chess.com"]
[Date "2021.04.20"]
[Round "6"]
[White "JiiHart"]
[Black "DarZay"]
[Result "1/2-1/2"]
[WhiteElo "1996"]
[BlackElo "2183"]
[TimeControl "180+1"]
[EndTime "11:06:49 PDT"]
[Termination "Game drawn - insufficient material"]

1. e4 e5 2. Nf3 Nc6 3. Bc4 Bc5 4. c3 Nf6 5. d4 exd4 6. b4 Bb6 7. e5 d5 8. exf6 dxc4 9. Qe2+ Be6 10. O-O d3 11.
Qe4 Qxf6 12. b5 Na5 13. Ba3 O-O-O 14. Nbd2 Bd5 15. Qe5 Qxe5 16. Nxe5 f6 17. Nef3 c6 18. Rab1 Rhe8 19. Bb4 cxb5 20. Bxa5 Bxa5 21. Rxb5 Bxc3 22. Nxc4 Bxf3 23. gxf3 d2 24. Rbb1 Re1 25. Nxd2 Bxd2 26. Rfxe1 Bxe1 27. Rxe1 Rd7 28. Kg2 Kc7 29. Kg3 Kc6 30.
Kf4 Kc5 31. Rc1+ Kb4 32. Rb1+ Ka3 33. Kf5 Kxa2 34. Rb4 a6 35. Ke6 Rc7 36. Kd6 Rc6+ 37. Kd5 Rc3 38. Rxb7 Rxf3 39. Rxg7 Rxf2 40. Rxh7 a5 41.
Ra7 Kb3 42. Ke4 Kb4 43. h3 Rh2 44. Rb7+ Ka4 45. Rh7 Ka3 46. Kf5 Rf2+ 47. Kg4 a4 48. h4 Kb2 49. Rb7+ Ka2 50. h5 a3 51. h6 Rh2 52. h7 Ka1 53. Kf5 a2 54. Kxf6 Rh3 55. Kg7 Rg3+ 56. Kf8 Rh3 57. Kg8 Rg3+ 58.
Rg7 Rxg7+ 59. Kxg7 Kb1 60. h8=Q a1=Q+ 61. Kh7 Qxh8+ 62. Kxh8 1/2-1/2

[Event "*** Titled Tuesday Blitz"]
[Site "Chess.com"]
[Date "2021.04.20"]
[Round "6"]
[White "LittleMyMoomin"]
[Black "BashirliSaadat"]
[Result "0-1"]
[WhiteElo "1902"]
[BlackElo "2183"]
[TimeControl "180+1"]
[EndTime "11:06:49 PDT"]
[Termination "BashirliSaadat won on time"]

1. d4 d5 2. c4 e6 3. Nc3 c6 4. b3 Nf6 5. Nf3 Bb4 6. Bd2 O-O 7.
e3 b6 8. Bd3 Bb7 9. a3 Bd6 10. O-O c5 11. cxd5 exd5 12. Nb5 Be7 13. Ne5 a6 14. Nc3 b5 15. dxc5 Bxc5 16. b4 Bd6 17.
Ng4 Nbd7 18. Nxf6+ Nxf6 19. Ne2 Rc8 20. Nd4 Be5 21. Rc1 Rxc1 22. Qxc1 Qe7 23. Nf5 Qe6 24. Qd1 Ne4 25. Nd4 Qb6 26. Nf3 Bf6 27. Qb3 Rd8 28.
Bc1 Rc8 29. Bb2 h6 30. Bxf6 Qxf6 31. Nd4 Nd2 32. Qb2 Nxf1 33. Kxf1 g6 34. f3 Qe5 35. Kf2 Re8 36. Qd2 Bc8 37. Bb1 Qd6 38. h3 Kg7 39. Ne2 Be6 40. Qd4+ Kh7 41. Nf4 Rc8 42.
Qf6 Rg8 43. h4 Qd8 44. Qe5 Qxh4+ 45. g3 Qh2+ 46. Ng2 Qh1 47. e4 Qxb1 48. exd5 Qc2+ 49.
Kg1 Bf5 50. Qe7 Kg7 51. d6 Qd1+ 52. Kh2 Qxf3 53. Nh4 Qf2+ 54. Kh1 Bg4 55. Qe5+ Kh7 56. Qf6 Qxf6 0-1

[Event "*** Titled Tuesday Blitz"]
[Site "Chess.com"]
[Date "2021.04.20"]
[Round "6"]
[White "RzayevB"]
[Black "fastestmindalive"]
[Result "1-0"]
[WhiteElo "2630"]
[BlackElo "2755"]
[TimeControl "180+1"]
[EndTime "11:06:50 PDT"]
[Termination "RzayevB won on time"]

1. e4 c5 2. Nf3 Nc6 3. g3 g6 4. Bg2 Bg7 5. O-O Nf6 6. Re1 O-O 7. d3 d5 8. Nbd2 dxe4 9. dxe4 b5 10. a4 bxa4 11. Rxa4 Bb7 12. c3 Ng4 13. Nc4 Qxd1 14. Rxd1 Rfd8 15. Re1 a5 16. Bf4 Ba6 17. Nxa5 Bb5 18.
Nxc6 Bxa4 19. Nxd8 Rxd8 20. h3 Nf6 21. Nd2 h6 22. Be3 Bc2 23. f3 Nd7 24. Rc1 Bd3 25.
Bf1 Ne5 26. f4 Bxf1 27. Kxf1 Nd3 28. Rb1 Rb8 29. Ke2 Nxb2 30. e5 Rb6 31. Bxc5 Rc6 32. Bxe7 Na4 33. Rb8+ Kh7 34. c4 g5 35. Kd3 gxf4 36.
gxf4 f6 37. Rb4 Nb6 38. exf6 Bxf6 39. Bxf6 Rxf6 40. Ne4 Rc6 41. f5 h5 42. Kd4 h4 43.
c5 Nc8 44. Rb7+ Kh6 45. Kd5 Ra6 46. Rc7 Na7 47. f6 Ra1 48. f7 Kg7 49. Nd6 Kf8 50.
Rb7 Rd1+ 51. Ke6 Nc6 52. Rb6 Re1+ 53. Kf6 Rf1+ 54. Nf5 Nd8 55. Rb8 Rd1 56. Kg5 1-0

[Event "*** Titled Tuesday Blitz"]
[Site "Chess.com"]
[Date "2021.04.20"]
[Round "6"]
[White "biostatistician"]
[Black "AwareIdea"]
[Result "1/2-1/2"]
[WhiteElo "2606"]
[BlackElo "2471"]
[TimeControl "180+1"]
[EndTime "11:06:55 PDT"]
[Termination "Game drawn - insufficient material"]

1. d4 Nf6 2. Nf3 e6 3. c4 d5 4. Bg5 Bb4+ 5. Nc3 dxc4 6. e4 b5 7. a4 c6 8. e5 h6 9. exf6 hxg5 10. fxg7 Rg8 11. h4 g4 12. Ne5 Rxg7 13. Be2 Bb7 14. O-O a6 15. h5 Nd7 16. Nxg4 Qg5 17. f4 Qh4 18. Qe1 Rxg4 19. Qxh4 Rxh4 20. g3 Rh3 21. Kg2 c5+ 22. Kxh3 cxd4 23. Nd1 Rc8 24. axb5 axb5 25. Ra7 Be4 26. Nf2 d3 27. Bd1 Bh7 28. g4 Bc5 29. Rb7 b4 30. Ba4 Rd8 31. f5 exf5 32. g5 f4 33.
Re1+ Kf8 34. Ne4 Bf5+ 35. Kh4 Be3 36. Bc6 Ne5 37. g6 fxg6 38. h6 g5+ 39. Kxg5 Bxe4 40. Bxe4 Nf7+ 41. Kh5 Nxh6 42. Kxh6 f3+ 43. Kg6 f2 44.
Rf1 d2 45. Bf3 c3 46. bxc3 bxc3 47. Rc7 Bd4 48. Kf5 Re8 49. Bh5 Re1 50. Rxf2 Bxf2 51. Rxc3 d1=Q 52. Bxd1 Rxd1 53. Kf4 Rd4+ 54. Kf3 Be1 55.
Re3 Rd5 56. Re4 Rd7 57. Rxe1 Rf7+ 58. Ke2 Re7+ 59. Kd2 Rxe1 60. Kxe1 1/2-1/2

[Event "*** Titled Tuesday Blitz"]
[Site "Chess.com"]
[Date "2021.04.20"]
[Round "6"]
[White "Politov_Pavel"]
[Black "Grineva_Marianna"]
[Result "0-1"]
[WhiteElo "2332"]
[BlackElo "2227"]
[TimeControl "180+1"]
[EndTime "11:06:59 PDT"]
[Termination "Grineva_Marianna won by resignation"]

1. d4 d6 2. Nc3 Nd7 3. e4 Ngf6 4. Bg5 h6 5. Bh4 g5 6. Bg3 Bg7 7. Be2 c6 8. h4 b5 9. hxg5 hxg5 10. Rxh8+ Bxh8 11. a3 Nb6 12. Nf3 g4 13. Nh2 Nc4 14. b3 Nb6 15. Qd2 Be6 16. O-O-O a6 17. Qh6 Kd7 18.
d5 cxd5 19. e5 dxe5 20. Bxe5 Rc8 21. Nxb5 axb5 22. Bxb5+ Rc6 23. c4 Qg8 24. Qe3 Qd8 25. Bd4 Nc8 26. Kb1 Nd6 27. Bxc6+ Kxc6 28. cxd5+ Nxd5 29. Rc1+ Kd7 30. Qd3 Bxd4 31. Qxd4 Qb8 32. b4 Nb5 33. Kb2 Nxd4 34. Rc5 Qb5 35. f3 Qxc5 36. bxc5 gxf3 37. gxf3 Kc6 38. f4 Ne3 39. Nf1 Ndf5 40. Nd2 Kxc5 41. Ne4+ Kd4 42. Ng5 Nc4+ 43. Kb3 Nfe3 44.
Kb4 Bd5 45. a4 f6 46. Nh7 Nb2 47. Nf8 Nc2+ 48. Kb5 Nxa4 49. Kxa4 e5 50. Kb5 e4 51. Nh7 e3 52. Nxf6 e2 53. Ng4 e1=Q 54. Kb6 Qf1 55. Kc7 Qxf4+ 56. Kb6 Qxg4 57. Kb5 Qe4 58. Kb6 Ne3 59. Kc7 Bc4 60. Kb6 Qe6+ 61. Ka7 Qa6+ 62. Kb8 Qb6+ 63. Kc8 Qe6+ 64. Kd8 Qf7 65. Kc8 Nd5 66.
Kb8 Kc5 67. Ka8 Kb6 0-1

[Event "*** Titled Tuesday Blitz"]
[Site "Chess.com"]
[Date "2021.04.20"]
[Round "6"]
[White "Mr_Sinigami"]
[Black "mbachez"]
[Result "1-0"]
[WhiteElo "2605"]
[BlackElo "2448"]
[TimeControl "180+1"]
[EndTime "11:07:01 PDT"]
[Termination "Mr_Sinigami won on time"]

1. d4 Nf6 2. Nf3 g6 3. Bf4 Bg7 4. e3 c5 5. h3 O-O 6. c3 b6 7. Nbd2 Bb7 8. Be2 d6 9. O-O Nbd7 10. a4 cxd4 11. exd4 Nd5 12. Bh2 Bh6 13. Re1 Rc8 14. a5 bxa5 15. Qa4 Nf4 16. Bf1 e5 17. Qxa5 Rc7 18.
dxe5 Nxe5 19. Nxe5 dxe5 20. Ne4 f6 21. Rad1 Qe7 22.
Nd6 Ba8 23. Nb5 Rb7 24. Bc4+ Kh8 25. Bxf4 Bxf4 26. Bd5 Rd7 27. Bxa8 Rxa8 28. c4 Rad8 29. Rxd7 Rxd7 30. Qa6 Kg7 31. Ra1 Qb4 32. g3 Bh6 33. Qc6 Qd2 34. Qxd7+ Qxd7 35. Rxa7 Qxa7 36. Nxa7 Bc1 37.
b3 Ba3 38. Kf1 Kf7 39. Ke2 Ke6 40. f3 Bc5 41. Nb5 Kd7 42. Nc3 f5 43. Nd5 Ke6 44. b4 Ba7 45. Kd3 h5 46. b5 Bf2 47. b6 Kd6 48. b7 Ba7 49. g4 e4+ 50. fxe4 fxg4 51.
hxg4 h4 52. Nf4 g5 53. Nh3 Kc7 54. Nxg5 Kxb7 55. e5 Kc7 56. Ke4 Kd7 57. Kf5 Ke7 58.
Nh3 Bd4 59. g5 Kf7 60. g6+ Kg7 61. Nf4 Be3 62. Nh5+ 1-0

[Event "*** Titled Tuesday Blitz"]
[Site "Chess.com"]
[Date "2021.04.20"]
[Round "6"]
[White "Diaschess88"]
[Black "TST2014"]
[Result "0-1"]
[WhiteElo "2491"]
[BlackElo "2653"]
[TimeControl "180+1"]
[EndTime "11:07:04 PDT"]
[Termination "TST2014 won on time"]

1. d4 Nf6 2. c4 c5 3. d5 b5 4.
cxb5 a6 5. f3 axb5 6. e4 d6 7.
Bxb5+ Bd7 8. Bc4 g6 9. Ne2 Bg7 10. O-O O-O 11. Nec3 Na6 12. Be3 Nc7 13. a4 Qb8 14. Qd2 Qb4 15. b3 Rfb8 16. Na3 Ng4 17. fxg4 Bxc3 18. Qf2 f6 19. Nc2 Qa5 20. g5 Bxa1 21.
Rxa1 Rf8 22. Bd2 Qb6 23. gxf6 Rxf6 24. Qg3 e5 25. dxe6 Bxe6 26. Bc3 Rf7 27. Bb2 Bxc4 28. Qc3 Kf8 29. Qxc4 Re8 30. Re1 Qa6 31. Qc3 Re5 32. h3 Ne6 33. Qe3 Rg5 34. h4 Rg4 35. Qh6+ Ke7 36.
Ne3 Rg3 37. e5 Nf4 38. Kh2 Rxe3 39. Rxe3 d5 40. e6 Nxe6 41. Qg5+ Kd7 42. Qxd5+ Qd6+ 43. Qxd6+ Kxd6 44. Be5+ Kd5 45. Bg3 Nd4 46. Rd3 Ke4 47. Rc3 Kd5 48. Rd3 Ke4 49. Rc3 Kd5 50. Kh3 Rb7 51. Kg4 Rxb3 52. Rxb3 Nxb3 53. Kg5 c4 54. Kh6 Nd4 55. Bf4 Nf5+ 56. Kg5 c3 57. g4 Nd6 58. Kh6 Ne4 59. Kxh7 Nf2 60. Kxg6 Nxg4 61. h5 c2 62. h6 Ne5+ 0-1

[Event "*** Titled Tuesday Blitz"]
[Site "Chess.com"]
[Date "2021.04.20"]
[Round "6"]
[White "Kobalia"]
[Black "Aradhya2000"]
[Result "1/2-1/2"]
[WhiteElo "2782"]
[BlackElo "2619"]
[TimeControl "180+1"]
[EndTime "11:07:08 PDT"]
[Termination "Game drawn by repetition"]

1. e4 e5 2. Nf3 Nc6 3. Bb5 a6 4. Ba4 Nf6 5. O-O b5 6. Bb3 Bc5 7. c3 d6 8. d4 Bb6 9. Be3 Bg4 10. Nbd2 O-O 11. h3 Bxf3 12. Nxf3 h6 13. Re1 Re8 14.
dxe5 Nxe5 15. Bxb6 cxb6 16. Nd4 Qd7 17. Nf5 Rad8 18. f4 Nc4 19. Qd4 Qc6 20. Nxh6+ Kf8 21. Nf5 Rxe4 22. Rxe4 Qxe4 23. Qxe4 Nxe4 24. Bxc4 bxc4 25.
Rd1 g6 26. Ne3 b5 27. f5 Nc5 28. fxg6 fxg6 29. Nd5 Re8 30. Rd2 Nd3 31. b3 Kg7 32.
bxc4 bxc4 33. Nb6 Re4 34. Nxc4 Rxc4 35. Rxd3 Ra4 36. Rd2 Kf7 37. Kh2 Ke6 38. Kg3 Rc4 39. Rc2 d5 40. h4 Kf5 41. Kh3 Ke4 42. Re2+ Kd3 43. Re6 Kxc3 44. Rxg6 d4 45. h5 d3 46. Rd6 d2 47. h6 Kc2 48. g3 d1=Q 49.
Rxd1 Kxd1 50. g4 Ke2 51. h7 Rc8 52. g5 Kf3 53. g6 Rh8 54. Kh4 Kf4 55. Kh5 Kf5 56. Kh6 Rc8 57. g7 Rc6+ 58. Kh5 Rc1 59. Kh4 Kf4 60. Kh3 Kf3 61. Kh2 Rc2+ 62. Kh3 Rc1 63. Kh4 Kf4 64. Kh5 Kf5 65. Kh4 Kf4 1/2-1/2

[Event "*** Titled Tuesday Blitz"]
[Site "Chess.com"]
[Date "2021.04.20"]
[Round "6"]
[White "DFeco"]
[Black "MikeSailer"]
[Result "1/2-1/2"]
[WhiteElo "2306"]
[BlackElo "2175"]
[TimeControl "180+1"]
[EndTime "11:07:09 PDT"]
[Termination "Game drawn by repetition"]

1. c4 c6 2. g3 d5 3. Nf3 Nf6 4. Bg2 Bf5 5. O-O e6 6. d3 Be7 7. Nbd2 h6 8. Re1 O-O 9. Qb3 Qb6 10. Qxb6 axb6 11. e4 dxe4 12. dxe4 Bh7 13. b3 Nbd7 14.
Bb2 Nc5 15. Ne5 Rfd8 16. Nf1 Nfd7 17. Nxd7 Rxd7 18. Bc3 Rd3 19. Bb4 Bf6 20. Rad1 Rad8 21. Rd2 Rxd2 22. Bxd2 Nd3 23. Re2 Bd4 24. Ne3 g5 25.
Kf1 h5 26. Nd1 f6 27. Be3 Bxe3 28. Nxe3 Rd4 29. f3 Nb4 30. a3 Nd3 31. Nc2 Rd8 32. Rd2 Rd7 33. Ne1 Ne5 34. Rxd7 Nxd7 35. Nd3 Kf7 36. Ke2 Ke7 37. b4 Kd6 38. Kd2 c5 39. Kc3 Ne5 40. Nxe5 Kxe5 41. Kd3 f5 42. Ke3 fxe4 43.
fxe4 Bg6 44. h3 h4 45. g4 Be8 46. b5 Bg6 47. Bf3 Bh7 48. Bg2 Bg8 49. Bf3 Bf7 50.
Bg2 Kd6 51. Bf3 Ke7 52. e5 Bg6 53. Bxb7 Kf7 54. Be4 Kg7 55. Bxg6 Kxg6 56. a4 Kf7 57. Kd3 Ke7 58. a5 Kd7 59. Kc3 Kc7 60. axb6+ Kxb6 61. Kb3 Ka7 62. Ka3 Kb7 63. Ka4 Kb6 64. Kb3 Kb7 65. Ka3 Ka7 66. Kb3 Kb7 67. Ka4 Kb6 68. Kb3 1/2-1/2

[Event "*** Titled Tuesday Blitz"]
[Site "Chess.com"]
[Date "2021.04.20"]
[Round "6"]
[White "Mikhail_Golubev"]
[Black "ChessLover0108"]
[Result "0-1"]
[WhiteElo "2587"]
[BlackElo "2724"]
[TimeControl "180+1"]
[EndTime "11:07:10 PDT"]
[Termination "ChessLover0108 won on time"]

1. e4 c5 2. Nf3 d6 3. d4 cxd4 4. Nxd4 Nf6 5. Nc3 a6 6. Bc4 e6 7. O-O b5 8. Bb3 Be7 9. f4 O-O 10. e5 dxe5 11. fxe5 Bc5 12. Be3 Nfd7 13. Ne4 Bxd4 14.
Qxd4 Nc6 15. Qc3 Ncxe5 16. Bd4 b4 17. Qg3 Ng6 18. Nd6 Qh4 19. Qxh4 Nxh4 20. Nxf7 Rxf7 21. Bxe6 Ne5 22. Bd5 Bb7 23. Bxb7 Rxb7 24. Bxe5 Rc8 25. c3 h6 26. Bd4 a5 27. Rae1 Rb5 28. Re5 Rxe5 29.
Bxe5 Re8 30. Bg3 Ng6 31. Re1 Rc8 32. cxb4 axb4 33. Kf2 Kf7 34. Re4 Rc2+ 35. Re2 Rc4 36. b3 Rc6 37. Ke3 Ne7 38. Kd3 Nf5 39. Be1 Rd6+ 40.
Kc4 Rd4+ 41. Kc5 Rf4 42. Bxb4 Nd4 43. Rd2 Ne6+ 44. Kb5 Nd4+ 45. Ka4 Nc6 46. a3 g5 47. Kb5 Nd4+ 48. Ka4 Ke6 49. g3 Re4 50. Rd3 g4 51.
Bc3 Nf3+ 52. b4 Nxh2 53. Kb3 Nf3 54. a4 h5 55. a5 h4 56. gxh4 Rf4 57. a6 g3 58. Re3+ Kf5 59. Re2 Rg4 60. a7 Rg8 61. b5 Kg4 62. b6 Ng1 63. Rg2 Kf3 64. Rxg1 g2 0-1

[Event "*** Titled Tuesday Blitz"]
[Site "Chess.com"]
[Date "2021.04.20"]
[Round "6"]
[White "PowerThinking2650"]
[Black "prachiti01"]
[Result "1/2-1/2"]
[WhiteElo "2392"]
[BlackElo "2217"]
[TimeControl "180+1"]
[EndTime "11:07:12 PDT"]
[Termination "Game drawn by agreement"]

1. e4 e6 2. d4 d5 3. Nd2 Nc6 4.
Ngf3 Nf6 5. e5 Nd7 6. Be2 f6 7. exf6 Qxf6 8. Nf1 Bd6 9. Ne3 h6 10. O-O O-O 11. c4 e5 12. Nxd5 Qf7 13. c5 Qxd5 14. cxd6 Qxd6 15. dxe5 Qxd1 16. Rxd1 Ndxe5 17. Nxe5 Nxe5 18. Be3 Bg4 19. f3 Bf5 20. Rac1 c6 21. Bd4 Ng6 22.
Bc4+ Kh7 23. Bc5 Rfd8 24. g3 b6 25. Bd6 h5 26. Kf2 Rd7 27. Bb4 Rad8 28. Rxd7 Rxd7 29. Be2 c5 30. Bc3 Ne7 31. Rd1 Rxd1 32. Bxd1 Be6 33. a3 Nc6 34. Ke3 Kg6 35. Ba4 Bd5 36.
Bc2+ Kh6 37. Be4 Ne7 38. Be5 Be6 39. f4 g6 40. Bb8 a6 41. Bc7 b5 42. Bd6 Nf5+ 43.
Bxf5 Bxf5 44. Bxc5 a5 45. Bb6 a4 46. Bd8 Kg7 47. Kd4 Kf7 48. Ke5 Bd3 49. Ba5 Bc4 50. Bc3 Bf1 51. f5 gxf5 52. Kxf5 Be2 53. Kg5 Kg8 54. h3 Kh7 55. g4 hxg4 56. hxg4 Kg8 57. Kf5 Bc4 58. g5 Bd3+ 59. Kf6 Bc4 60. Ke7 Bf1 61.
g6 Be2 62. g7 Bf1 63. Kd6 Be2 64.
Kc5 Bf1 65. Be5 Be2 66. Kb4 Bf1 67. Kc3 Be2 68. Kd2 Bc4 69. Bf6 Bf1 70. Ke1 Bc4 71.
Be5 Kf7 72. Kd2 Kg8 73. Kc3 Kf7 74. b4 Kg8 75. Kd4 Kf7 76. Kc5 1/2-1/2

[Event "*** Titled Tuesday Blitz"]
[Site "Chess.com"]
[Date "2021.04.20"]
[Round "6"]
[White "Matensien"]
[Black "MPGM"]
[Result "1/2-1/2"]
[WhiteElo "2389"]
[BlackElo "2515"]
[TimeControl "180+1"]
[EndTime "11:07:18 PDT"]
[Termination "Game drawn - insufficient material"]

1. d4 d5 2. c4 e6 3. Nc3 a6 4. cxd5 exd5 5. Bf4 Nf6 6. e3 Bd6 7. Bg3 Bf5 8. Qb3 Nc6 9. Nf3 O-O 10. Be2 Nb4 11. Bxd6 Qxd6 12. O-O Bc2 13. Qa3 a5 14. Ne5 c6 15. Rac1 Rfd8 16. h3 Nd7 17.
Nxd7 Qxd7 18. Na4 Qc7 19. Nc5 Bf5 20. Qb3 b6 21. Nd3 Bxd3 22. Bxd3 c5 23. a3 Nxd3 24. Qxd3 c4 25. Qf5 b5 26. Rfe1 g6 27. Qf3 Qc6 28. e4 dxe4 29. Rxe4 Rac8 30. Rce1 Kg7 31. Qf4 Qf6 32.
Qxf6+ Kxf6 33. Rf4+ Kg7 34. Re7 Rf8 35. Rb7 c3 36. bxc3 Rxc3 37. Rxb5 Rxa3 38. Rb7 Ra1+ 39. Kh2 a4 40. Ra7 a3 41. d5 a2 42. d6 Rd1 43.
Rxa2 Rxd6 44. Ra7 h5 45. h4 Rd5 46. Kg3 Rc5 47. f3 Rc3 48. Rb7 Rc1 49. Ra7 Rh1 50.
Rb7 Rd1 51. Ra7 Rd6 52. Rb7 Rf6 53. Rxf6 Kxf6 54. Rb6+ Kg7 55. Rb7 Rd8 56. Ra7 Rd1 57. Rb7 Re1 58. Ra7 Kf6 59. Rb7 Ke6 60. Rb6+ Kf5 61.
Rb7 f6 62. Rb5+ Re5 63. Rb4 Rc5 64. Rf4+ Ke5 65. Ra4 Rd5 66. Re4+ Kf5 67. Ra4 g5 68.
hxg5 fxg5 69. Ra8 h4+ 70. Kh3 Kf4 71. Rf8+ Rf5 72. Rxf5+ Kxf5 73. g3 hxg3 74. Kxg3 Ke5 75. Kg4 Kf6 76. f4 gxf4 77. Kxf4 1/2-1/2

[Event "*** Titled Tuesday Blitz"]
[Site "Chess.com"]
[Date "2021.04.20"]
[Round "6"]
[White "gmcorrales"]
[Black "Anna_ChessMate"]
[Result "0-1"]
[WhiteElo "2788"]
[BlackElo "2570"]
[TimeControl "180+1"]
[EndTime "11:07:22 PDT"]
[Termination "Anna_ChessMate won by resignation"]

1. e4 c6 2. d4 d5 3. e5 Bf5 4. h4 h5 5. c4 e6 6. Nc3 Nd7 7. cxd5 cxd5 8. Bd3 Ne7 9. Nb5 Nc6 10. Bxf5 exf5 11. Nf3 Be7 12. Nc3 Nf8 13. Qb3 Ne6 14.
Qxb7 Ncxd4 15. Nxd4 Nxd4 16. O-O O-O 17. Rd1 Nc2 18.
Rb1 d4 19. g3 Rb8 20. Qf3 Qa5 21.
Nd5 Bd8 22. a3 Re8 23. Bd2 Qb5 24. Bf4 Rc8 25. Rd2 Nxa3 26. Rbd1 Nc2 27. Bg5 Bxg5 28. hxg5 Rxe5 29. Nf4 g6 30. Nd3 Re7 31. Rc1 Rec7 32.
Qf4 Qb6 33. Ne5 Nb4 34. Rcd1 Nc2 35. Kh2 a5 36. Nf3 d3 37. Kg2 Nb4 38. Ne5 Rc2 39.
Nxd3 Nxd3 40. Rxd3 Qxb2 41. Rd8+ Kg7 42. Rxc8 Rxc8 43. Rd2 Qb7+ 44. Kh2 Qe7 45. Qd4+ Kg8 46. Qf4 Re8 47. Rd6 Ra8 48. Rf6 a4 49. Rc6 Qe4 50. Rc7 Qxf4 51. gxf4 a3 52. Rc1 a2 53. Ra1 Ra4 54. Kg3 Kf8 55. Kf3 Ke7 56. Ke3 Kd6 57.
Kd3 Kd5 58. Kc3 Rxf4 59. Rxa2 Rf3+ 60. Kb4 Ke5 61. Ra7 Rxf2 62. Rxf7 Kf4 63. Kc5 Kxg5 64.
Kd4 h4 65. Ke3 Rf4 66. Rh7 Rf1 67. Ke2 Rf4 68. Ke3 Kg4 69. Ra7 g5 70. Ra1 Rf3+ 71.
Ke2 h3 72. Rg1+ Rg3 73. Rh1 f4 74. Ra1 h2 75. Kf2 Rg1 76. Rxg1+ hxg1=Q+ 77. Kxg1 Kf3 78. Kf1 g4 79. Kg1 Ke2 80. Kg2 f3+ 81. Kg3 f2 0-1